 Dungeon Crawl Stone Soup version 0.20.1-1-g8b1a95d (webtiles) character file.

112 Melbolja the Ruffian (level 4, 0/42 HPs)
             Began as a Troll Warper on Oct 1, 2017.
             Slain by a wyvern skeleton (8 damage)
             ... on level 3 of the Dungeon.
             The game lasted 00:12:30 (1430 turns).

Melbolja the Ruffian (Troll Warper)                 Turns: 1430, Time: 00:12:31

Health: 0/42       AC:  5    Str: 19    XL:     4   Next: 63%
Magic:  15/15      EV: 10    Int: 10    God:
Gold:   127        SH:  0    Dex:  9    Spells: 5/7 levels left

rFire    . . .     SeeInvis .     - Unarmed
rCold    . . .     Gourm    +   (no shield)
rNeg     . . .     Faith    .   a - +0 robe
rPois    .         Spirit   .   (helmet restricted)
rElec    .         Reflect  .   (no cloak)
rCorr    .         Harm     .   (gloves unavailable)
MR       .....                  (boots unavailable)
Stlth    +.........             (no amulet)
Regen    0.6/turn               l - ring of magical power
MPRegen  0.2/turn               (no ring)

@: no status effects
A: unfitting armour, claws 3, fast metabolism 3, gourmand, regeneration 1,
shaggy fur 1, tough skin 2
a: no special abilities


You were on level 3 of the Dungeon.
You were very full.

You visited 1 branch of the dungeon, and saw 3 of its levels.

You collected 127 gold pieces.

Inventory:

Armour
 a - a +0 robe (worn)
Jewellery
 l - a ring of magical power (left claw)
Scrolls
 c - 3 scrolls of blinking
 i - a scroll of enchant weapon {unknown}
 j - a scroll of teleportation {unknown}
 k - a scroll of random uselessness {unknown}
 m - a scroll of fog {unknown}
Books
 b - a book of Spatial Translocations

   Spells                             Type                      Level
   a - Blink                          Translocation                2
   b - Shroud of Golubria             Charms/Translocation         2
   c - Lesser Beckoning               Translocation                3
   d - Gell's Gravitas                Translocation                3
   e - Teleport Other                 Translocation                3
   f - Passage of Golubria            Translocation                4
Comestibles
 f - 3 bread rations
 h - 2 meat rations
 o - a royal jelly


   Skills:
 + Level 1.8 Fighting
 - Level 1.0 Throwing
 + Level 2.5 Dodging
 + Level 0.2 Stealth
 + Level 3.0 Unarmed Combat
 * Level 2.0 Spellcasting
 * Level 2.3 Translocations


You had 5 spell levels left.
You knew the following spells:

 Your Spells              Type           Power        Failure   Level  Hunger
a - Blink                 Tloc           N/A          19%         2    ###....


Dungeon Overview and Level Annotations

Branches:
Dungeon (3/15)

Altars:
Trog


Innate Abilities, Weirdness & Mutations

You are too large for most types of armour.
You have claws for hands.
Your metabolism is lightning-fast.
You like to eat raw meat.
Your natural rate of healing is unusually fast.
You are covered in fur. (AC +1)
You have very tough skin. (AC +2)


Message History

You barely miss the wyvern skeleton.
The wyvern skeleton is lightly damaged.
The wyvern skeleton bites you!
You claw the wyvern skeleton!
The wyvern skeleton is heavily damaged.
The wyvern skeleton misses you.
You scratch the wyvern skeleton.
The wyvern skeleton is heavily damaged.
The wyvern skeleton closely misses you.
You scratch the wyvern skeleton.
The wyvern skeleton is heavily damaged.
The wyvern skeleton bites you!
* * * LOW HITPOINT WARNING * * *
You barely miss the wyvern skeleton.
The wyvern skeleton is heavily damaged.
The wyvern skeleton barely misses you.
You claw the wyvern skeleton!
The wyvern skeleton is almost destroyed.
The wyvern skeleton bites you!
You die...

#.. ..? #..###.##
....... #..#.###
#..#..<##... #
#.).)........
#.##)###........
...#...............
.......@...........
#+####.Z#.#####.###
#...... .#
#.....#.# . ###.###
# .. #. ..


You could see a wyvern skeleton.

Vanquished Creatures
  3 gnolls (D:3)
  An adder (D:2)
  4 oozes
  A worm (D:2)
  3 dart slugs
  2 leopard geckos
  2 giant cockroaches (D:1)
  A goblin (D:2)
  3 hobgoblins
  12 kobolds
  7 bats
  4 frilled lizards
  9 rats
52 creatures vanquished.

Notes
Turn   | Place    | Note
-------+----------+-------------------------------------------
     0 | D:1      | Melbolja the Troll Warper began the quest for the Orb.
     0 | D:1      | Reached XP level 1. HP: 19/19 MP: 1/1
     7 | D:1      | Noticed a lindwurm
     7 | D:1      | Noticed a black bear
     7 | D:1      | Noticed a salamander
    53 | D:1      | Reached skill level 1 in Throwing
    53 | D:1      | Reached XP level 2. HP: 28/28 MP: 3/3
   372 | D:1      | Reached XP level 3. HP: 35/35 MP: 4/4
   376 | D:1      | Learned a level 2 spell: Blink
   858 | D:2      | Found a bloodstained altar of Trog.
   948 | D:2      | Reached XP level 4. HP: 42/42 MP: 5/5
  1371 | D:3      | Reached skill level 3 in Unarmed Combat
  1430 | D:3      | Slain by a wyvern skeleton

Skill      XL: |  1  2  3  4 |
---------------+-------------+-----
Dodging        | 2 |  2.5
Throwing       | 1 |  1.0
Spellcasting   | 2 |  2.0
Unarmed Combat | 3 |  3.0
Fighting       | |  1.8
Stealth        | |  0.2
Translocations | |  2.3

Action                   |  1- 3 |  4- 6 || total
-------------------------+-------+-------++-------
Melee: Unarmed           |   105 |    56 ||   161
       Punch             |       |     2 ||     2
Throw: Tomahawk          |     2 |     3 ||     5
  Use: Scroll            |     1 |       ||     1
       Potion            |       |     4 ||     4
 Stab: Sleeping          |     1 |       ||     1
  Eat: Chunk             |    14 |     3 ||    17
Armor: Robe              |    42 |    11 ||    53
Dodge: Dodged            |    60 |    34 ||    94
